 Dungeon Crawl Stone Soup version 0.30.0-11-gf55b779eaf (webtiles) character file.

Game seed: 13341885585797688301

473 Esekla the Grave Robber (level 7, -4/45 HPs)
             Began as an Octopode Necromancer on May 17, 2023.
             Slain by an ice beast (8 damage)
             ... on level 5 of the Dungeon.
             The game lasted 00:12:54 (3739 turns).

Esekla the Grave Robber (Octopode Necromancer)      Turns: 3739, Time: 00:12:55

Health: -4/45      AC:  1    Str:  8    XL:     7   Next: 10%
Magic:  0/11       EV: 14    Int: 19    God:
Gold:   228        SH:  0    Dex: 12    Spells: 8/12 levels left

rFire   . . .        c - +0 dagger
rCold   . . .        (no shield)
rNeg    . . .        (helmet restricted)
rPois   .            d - amulet of guardian spirit
rElec   .            e - ring of wizardry
rCorr   .            l - ring of flight
SInv    .            (no ring)
Will    .....        (no ring)
Stlth   ++++         (no ring)
HPRegen 0.27/turn    (no ring)
MPRegen 0.12/turn    (no ring)
                     (no ring)

%: guardian spirit, wizardry (x1)
@: flying
A: almost no armour, amphibious, 8 rings, camouflage 1, gelatinous body 1,
(nimble swimmer 1), tentacles
a: no special abilities


You were on level 5 of the Dungeon.
You visited 1 branch of the dungeon, and saw 5 of its levels.

You collected 228 gold pieces.

Inventory:

Hand Weapons
 c - a +0 dagger (weapon)
 q - a +0 trident
Missiles
 k - 9 poisoned darts (quivered)
Jewellery
 d - an amulet of guardian spirit (around mantle)
 e - a ring of wizardry (left tentacle)
 l - a ring of flight (right tentacle)
 p - a ring of ice
Scrolls
 f - 5 scrolls of identify {unknown}
 i - a scroll of vulnerability {unknown}
 n - a scroll of magic mapping {unknown}
Potions
 a - a potion of magic
 b - a potion of curing {unknown}
 h - a potion of mutation {unknown}
 j - a potion of cancellation {unknown}
 m - a potion of heal wounds
 o - a potion of might {unknown}


   Skills:
 * Level 2.5 Fighting
 + Level 2.5 Short Blades
 * Level 3.6 Dodging
 + Level 4.7 Stealth
 * Level 3.1 Spellcasting
 + Level 5.0 Necromancy


You had 8 spell levels left.
You knew the following spells:

 Your Spells              Type           Power      Damage    Failure   Level
a - Necrotise             Necr           88%        1d8       1%          1
d - Vampiric Draining     Necr           22%        2d7       2%          3

Your spell library contained the following spells:

 Spells                   Type           Power      Damage    Failure   Level
 Animate Dead             Necr           22%        N/A       8%          4
 Ensorcelled Hibernation  Hex/Ice        6%         N/A       9%          2
 Spider Form              Tmut/Pois      3%         N/A       17%         3
 Anguish                  Hex/Necr       6%         N/A       21%         4
 Agony                    Necr           22%        N/A       21%         5


Dungeon Overview and Level Annotations

Branches:
Dungeon (5/15)
 Temple: D:4-7

Altars:
Xom

Shops:
D:1 (?[   D:2 [


Innate Abilities, Weirdness & Mutations

You cannot wear most types of armour.
You are amphibious.
You can wear up to eight rings at the same time.
Your skin changes colour to match your surroundings (Stealth+).
Your rubbery body absorbs attacks. (AC +1, EV +1)
((You are camouflaged when in or above water. (Stealth+)))
You have tentacles for arms and can constrict up to eight enemies at once.


Message History

You constrict Eustachio.
The crimson imp disappears in a puff of smoke!
The ice beast barely misses you.
Eustachio mumbles some strange words.
Eustachio blinks free!
The bat closely misses you. The quokka bites you.
The crimson imp barely misses you. The bat attacks as you move away!
The bat completely misses you. The ice beast attacks as you move away!
The ice beast closely misses you.
An ice beast comes into view.
The bat barely misses you. The bat hits you but does no damage.
Eustachio calls on the powers of shadow!
The white imp misses you. The bat barely misses you.
The ice beast moves out of view.
The crimson imp attacks as you move away!
The crimson imp barely misses you. The bat closely misses you.
The white imp hits you. The white imp freezes you. The bat hits you.
The ice beast closely misses you. Eustachio hits you with a +0 rapier!
* * * LOW HITPOINT WARNING * * *
The white imp hits you.
* * * LOW HITPOINT WARNING * * *
The white imp freezes you.
* * * LOW HITPOINT WARNING * * *
The rat twitches its whiskers.
Casting: Vampiric Draining (dangerous; 2% risk of failure)
Confirm with . or Enter, or press ? or * to list all spells.
You don't have enough magic to cast this spell.
Unknown command.
You hit Eustachio.
You kill Eustachio!
The shadow imp disappears in a puff of smoke!
The crimson imp disappears in a puff of smoke!
The bat disappears in a puff of smoke!
The quokka disappears in a puff of smoke!
The bat disappears in a puff of smoke!
The rat disappears in a puff of smoke!
The white imp gestures at you. The puff of frost misses you.
The ice beast hits you.
* * * LOW HITPOINT WARNING * * *
The ice beast freezes you!
You die...

#####.......###
#...###.......#
......#.......#
.....+.......#
..>.#.......# ##
#..#.......######
##.##.##.§########.....#
....Y..Y§§§.....$#.....#
.......@5........#.....#
.......)Y§.......#.....#
.......§.........'.....#
.................#.....#
.................#.....#
########...###...#.....#
#...# #...####+## .....
..... ......


You could see 3 ice beasts and a white imp.

Vanquished Creatures
  Eustachio (D:5)
  A water moccasin (D:5)
  An ogre (D:5)
  A hound (D:4)
  A jelly (D:4)
  An orc priest (D:3)
  An orc wizard (D:3)
  8 adders
  A white imp (D:5)
  3 worms
  4 dart slugs
  5 orcs
  7 ball pythons
  2 endoplasms
  5 giant cockroaches
  8 goblins
  10 hobgoblins
  2 jackals (D:2)
  6 kobolds
  3 quokkas
  7 bats
  3 frilled lizards (D:3)
  2 rats (D:2)
83 creatures vanquished.

Vanquished Creatures (others)
  A ball python (D:3)
1 creature vanquished.

Grand Total: 84 creatures vanquished

Notes
Turn   | Place    | Note
-------+----------+-------------------------------------------
     0 | D:1      | Esekla the Octopode Necromancer began the quest for the
                  | Orb.
     0 | D:1      | Reached XP level 1. HP: 11/11 MP: 3/3
   104 | D:1      | Found Peohoeg's Armour Boutique.
   148 | D:1      | Found Duuto's Magic Scroll Boutique.
   190 | D:1      | Found Mevvun's Weapon Shoppe.
   274 | D:1      | Reached XP level 2. HP: 17/17 MP: 5/5
   794 | D:1      | Reached XP level 3. HP: 19/21 MP: 4/6
   990 | D:2      | Learned a level 3 spell: Vampiric Draining
  1270 | D:2      | Found Daumojen's Armour Shop.
  1316 | D:2      | Reached XP level 4. HP: 20/27 MP: 4/7
  1784 | D:3      | Reached skill level 1 in Fighting
  1784 | D:3      | Reached skill level 1 in Short Blades
  1784 | D:3      | Reached XP level 5. HP: 22/33 MP: 4/8
  2218 | D:3      | Found a shimmering altar of Xom.
  2669 | D:4      | Reached XP level 6. HP: 39/39 MP: 10/10
  3269 | D:5      | Entered Level 5 of the Dungeon
  3296 | D:5      | Reached skill level 5 in Necromancy
  3302 | D:5      | Noticed a water moccasin
  3316 | D:5      | Killed a water moccasin
  3317 | D:5      | Reached XP level 7. HP: 22/45 MP: 2/11
  3718 | D:5      | Noticed Eustachio
  3739 | D:5      | Killed Eustachio
  3739 | D:5      | Slain by an ice beast

Illustrated notes

Levels and vault maps discovered:
D:1:      evilmike_arrival_grusome_pit, layout_basic, serial_shops,
          nicolae_shop_bloodbath_and_beyond, shop,
          nicolae_shop_tiny_real_fake_doors
D:2:      layout_rooms, serial_shops, shop
D:3:      layout_basic, xom_confusion_cloud
D:4:      layout_loops_corners
D:5:      cheibrodos_thug_alley, layout_gridville, minmay_misc_feat_chi,
          uniq_eustachio

Skill      XL: |  1  2  3  4  5  6 |
---------------+-------------------+-----
Stealth        | 3 4 |  4.7
Fighting       | 1 2 |  2.5
Short Blades   | 1 2 |  2.5
Dodging        | 3 |  3.6
Spellcasting   | 3 |  3.1
Necromancy     | 5 |  5.0

Action                     |  1- 3 |  4- 6 |  7- 9 || total
---------------------------+-------+-------+-------++-------
  Melee: Unarmed           |    11 |       |       ||    11
         Dagger            |    55 |   122 |    29 ||   206
         Tentacles         |    13 |    33 |     8 ||    54
         Constrict         |    17 |    36 |     6 ||    59
         Punch             |     1 |     1 |     1 ||     3
   Cast: Vampiric Draining |     2 |     4 |     2 ||     8
    Use: Potion            |       |     1 |       ||     1
   Stab: Sleeping          |     4 |     6 |       ||    10
         Distracted        |     1 |       |       ||     1
 Armour: Skin              |     4 |     4 |     5 ||    13
  Dodge: Dodged            |    36 |    63 |    44 ||   143
